[ AOE2 MATCH · #504644938 ]
UnrankedMaya vs Dravidians
Player's team · LOSS
[ REPLAY ANALYSIS · EXTRACTED FROM THE RECORDED GAME ]
Feudal
12:28
Castle
20:41
Imperial
—
| APM avg | 38.9 |
| APM peak | 87 |
| eAPM avg | 22.4 |
| Villagers / military | 160 / 58 |
Focus
⚔️ 27.3% · 🌾 72.7%
Archer ×24 · Mangonel ×11 · Eagle Scout ×10 · Skirmisher ×6 · Militia ×4 · Scorpion ×3
Feudal
10:20
Castle
20:42
Imperial
39:50
| APM avg | 38.8 |
| APM peak | 73 |
| eAPM avg | 20.8 |
| Villagers / military | 127 / 106 |
Focus
⚔️ 31.5% · 🌾 68.5%
Militia ×76 · Mangonel ×15 · Skirmisher ×7 · Armored Elephant ×5 · Monk ×2 · Spearman ×1
Match map
Initial resources + every placement click. Lines = walls · curves = elevation contours. ◆ gold · ⬟ stone · ● berries · ✦ relic · ◌ wall gap
Your base· Open — 9t gap
cornonjakobe's base· Open — 5t gap
Smoothed initial terrain · ◌ = detected wall gap · hover for details
Inputs per minute
— Arlechinno - - cornonjakobe
Build order — Arlechinno
First 150 of 369 actions detected
| 0:01 | Research | Loom |
| 0:02 | Build | House |
| 0:03 | Build | House |
| 0:15 | Queue | Villager (Male) |
| 0:15 | Queue | Villager (Male) |
| 0:34 | Queue | Villager (Male) |
| 0:34 | Queue | Villager (Male) |
| 1:23 | Queue | Villager (Male) |
| 1:44 | Queue | Villager (Male) |
| 1:49 | Build | Lumber Camp |
| 2:20 | Queue | Villager (Male) |
| 2:33 | Queue | Villager (Male) |
| 3:12 | Queue | Villager (Male) |
| 3:35 | Queue | Villager (Male) |
| 4:01 | Build | House |
| 4:07 | Queue | Villager (Male) |
| 4:24 | Queue | Villager (Male) |
| 4:45 | Queue | Villager (Male) |
| 5:00 | Build | Barracks |
| 5:10 | Queue | Villager (Male) |
| 5:35 | Queue | Villager (Male) |
| 6:09 | Queue | Villager (Male) |
| 6:12 | Build | House |
| 6:23 | Queue | Militia |
| 6:23 | Queue | Militia |
| 6:24 | Queue | Militia |
| 6:31 | Build | Mill |
| 6:33 | Queue | Villager (Male) |
| 6:43 | Build | House |
| 6:59 | Queue | Villager (Male) |
| 7:21 | Queue | Militia |
| 7:25 | Build | House |
| 7:34 | Queue | Villager (Male) |
| 7:49 | Queue | Villager (Male) |
| 7:51 | Queue | Villager (Male) |
| 8:01 | Build | Palisade Wall |
| 8:03 | Build | Palisade Wall |
| 8:57 | Queue | Villager (Male) |
| 9:23 | Queue | Villager (Male) |
| 10:18 | Research | Feudal Age |
| 10:45 | Build | House |
| 10:54 | Queue | Villager (Male) |
| 11:00 | Build | House |
| 11:34 | Queue | Villager (Male) |
| 11:38 | Build | Palisade Wall |
| 11:54 | Build | Palisade Wall |
| 11:57 | Build | Palisade Wall |
| 12:07 | Build | Lumber Camp |
| 12:28 | Age | Feudal Age |
| 12:31 | Build | Archery Range |
| 12:36 | Build | Blacksmith |
| 12:37 | Research | Double-Bit Axe |
| 12:38 | Research | Horse Collar |
| 12:39 | Queue | Villager (Male) |
| 12:47 | Build | House |
| 12:48 | Build | Palisade Wall |
| 12:55 | Build | Farm |
| 13:02 | Queue | Villager (Male) |
| 13:11 | Build | House |
| 13:21 | Build | Palisade Wall |
| 13:25 | Queue | Skirmisher |
| 13:26 | Queue | Villager (Male) |
| 13:33 | Build | Palisade Wall |
| 13:42 | Build | House |
| 13:43 | Build | Palisade Wall |
| 13:46 | Queue | Skirmisher |
| 13:47 | Queue | Villager (Male) |
| 13:50 | Build | Farm |
| 13:59 | Build | Farm |
| 14:07 | Build | Farm |
| 14:16 | Queue | Villager (Male) |
| 14:17 | Queue | Skirmisher |
| 14:25 | Build | Farm |
| 14:32 | Queue | Villager (Male) |
| 14:37 | Queue | Skirmisher |
| 14:43 | Build | Farm |
| 14:47 | Build | Farm |
| 14:49 | Build | Farm |
| 15:02 | Build | Farm |
| 15:07 | Build | Farm |
| 15:10 | Queue | Skirmisher |
| 15:18 | Build | Farm |
| 15:20 | Build | Farm |
| 15:28 | Queue | Villager (Male) |
| 15:31 | Build | Farm |
| 15:40 | Build | Farm |
| 15:49 | Build | Farm |
| 15:52 | Queue | Skirmisher |
| 15:54 | Queue | Villager (Male) |
| 16:05 | Build | Farm |
| 16:14 | Build | Mining Camp |
| 16:21 | Build | Farm |
| 16:23 | Queue | Villager (Male) |
| 16:26 | Research | Wheelbarrow |
| 16:26 | Research | Wheelbarrow |
| 17:32 | Build | House |
| 17:48 | Build | House |
| 18:01 | Research | Castle Age |
| 18:01 | Research | Castle Age |
| 18:09 | Build | Barracks |
| 18:11 | Build | Barracks |
| 18:35 | Queue | Eagle Scout |
| 18:40 | Research | Scale Mail Armor |
| 19:08 | Research | Gold Mining |
| 19:08 | Research | Gold Mining |
| 19:10 | Queue | Eagle Scout |
| 19:10 | Queue | Eagle Scout |
| 19:19 | Queue | Eagle Scout |
| 19:21 | Queue | Eagle Scout |
| 19:30 | Queue | Villager (Male) |
| 19:43 | Build | Palisade Gate |
| 19:50 | Queue | Eagle Scout |
| 19:51 | Queue | Eagle Scout |
| 19:56 | Queue | Eagle Scout |
| 19:56 | Queue | Eagle Scout |
| 20:34 | Build | House |
| 20:36 | Queue | Eagle Scout |
| 20:41 | Age | Castle Age |
| 20:46 | Research | Eagle Warrior (upgrade) |
| 20:46 | Research | Eagle Warrior (upgrade) |
| 20:49 | Research | Forging |
| 20:49 | Queue | Villager (Male) |
| 21:13 | Queue | Villager (Male) |
| 21:20 | Build | Town Center |
| 21:35 | Build | Town Center |
| 21:37 | Queue | Villager (Male) |
| 21:41 | Research | Bow Saw |
| 21:49 | Queue | Villager (Male) |
| 21:51 | Research | Crossbowman (upgrade) |
| 21:54 | Queue | Villager (Male) |
| 22:06 | Queue | Villager (Male) |
| 22:09 | Build | House |
| 22:26 | Queue | Villager (Male) |
| 22:40 | Build | Siege Workshop |
| 22:42 | Queue | Villager (Male) |
| 22:50 | Queue | Villager (Male) |
| 22:56 | Queue | Villager (Male) |
| 23:02 | Queue | Villager (Male) |
| 23:02 | Queue | Villager (Male) |
| 23:12 | Build | Archery Range |
| 23:18 | Queue | Scorpion |
| 23:18 | Queue | Scorpion |
| 23:21 | Queue | Villager (Male) |
| 23:37 | Queue | Villager (Male) |
| 23:40 | Research | Fletching |
| 23:45 | Build | Archery Range |
| 23:58 | Queue | Archer |
| 23:58 | Queue | Archer |
| 24:20 | Queue | Villager (Male) |
| 24:21 | Queue | Villager (Male) |
Build order — cornonjakobe
First 150 of 353 actions detected
| 0:01 | Queue | Villager (Male) |
| 0:02 | Build | House |
| 0:03 | Build | House |
| 0:20 | Queue | Villager (Male) |
| 0:25 | Queue | Villager (Male) |
| 0:26 | Queue | Villager (Male) |
| 1:26 | Queue | Villager (Male) |
| 1:59 | Queue | Villager (Male) |
| 2:15 | Queue | Villager (Male) |
| 2:50 | Queue | Villager (Male) |
| 2:55 | Build | Barracks |
| 2:58 | Queue | Villager (Male) |
| 3:35 | Queue | Villager (Male) |
| 4:00 | Queue | Villager (Male) |
| 4:07 | Build | House |
| 4:19 | Queue | Villager (Male) |
| 4:52 | Build | Mill |
| 5:02 | Queue | Villager (Male) |
| 5:24 | Build | House |
| 5:26 | Queue | Villager (Male) |
| 6:13 | Queue | Villager (Male) |
| 6:37 | Queue | Militia |
| 6:37 | Queue | Militia |
| 6:52 | Queue | Villager (Male) |
| 6:54 | Build | Lumber Camp |
| 7:18 | Queue | Villager (Male) |
| 7:45 | Research | Loom |
| 8:10 | Research | Feudal Age |
| 9:07 | Queue | Villager (Male) |
| 9:34 | Build | Mill |
| 9:41 | Build | House |
| 10:20 | Age | Feudal Age |
| 10:28 | Build | House |
| 10:31 | Build | Archery Range |
| 10:34 | Research | Double-Bit Axe |
| 10:35 | Queue | Villager (Male) |
| 10:36 | Build | Farm |
| 10:37 | Build | Farm |
| 10:37 | Build | Farm |
| 11:21 | Queue | Villager (Male) |
| 11:24 | Queue | Villager (Male) |
| 11:33 | Build | Farm |
| 11:37 | Queue | Villager (Male) |
| 11:49 | Build | Lumber Camp |
| 11:55 | Build | Farm |
| 11:56 | Build | Farm |
| 12:03 | Queue | Skirmisher |
| 12:21 | Queue | Skirmisher |
| 12:29 | Queue | Villager (Male) |
| 12:36 | Queue | Skirmisher |
| 12:40 | Queue | Spearman |
| 12:55 | Build | Mining Camp |
| 12:56 | Queue | Villager (Male) |
| 13:03 | Queue | Villager (Male) |
| 13:13 | Queue | Villager (Male) |
| 13:16 | Queue | Skirmisher |
| 13:17 | Queue | Villager (Male) |
| 13:19 | Build | House |
| 13:30 | Queue | Skirmisher |
| 13:33 | Queue | Villager (Male) |
| 13:37 | Build | Palisade Wall |
| 13:40 | Build | House |
| 13:40 | Build | House |
| 13:46 | Queue | Skirmisher |
| 13:53 | Build | House |
| 13:58 | Queue | Skirmisher |
| 13:59 | Queue | Villager (Male) |
| 14:24 | Queue | Villager (Male) |
| 14:30 | Build | Palisade Wall |
| 14:32 | Queue | Villager (Male) |
| 14:44 | Queue | Villager (Male) |
| 14:49 | Build | House |
| 14:50 | Build | Palisade Wall |
| 15:22 | Build | Blacksmith |
| 15:28 | Build | Palisade Wall |
| 15:30 | Queue | Villager (Male) |
| 15:34 | Build | House |
| 15:36 | Build | Palisade Wall |
| 15:38 | Queue | Villager (Male) |
| 15:50 | Build | House |
| 15:51 | Build | Palisade Wall |
| 16:05 | Queue | Villager (Male) |
| 16:09 | Build | Farm |
| 16:11 | Build | Farm |
| 16:14 | Build | Farm |
| 16:18 | Build | Farm |
| 16:24 | Build | Farm |
| 16:26 | Build | Farm |
| 16:41 | Build | Farm |
| 16:48 | Build | Farm |
| 16:56 | Build | Farm |
| 17:17 | Build | Farm |
| 17:29 | Research | Horse Collar |
| 17:52 | Build | Market |
| 18:02 | Research | Castle Age |
| 18:02 | Research | Castle Age |
| 18:21 | Research | Horse Collar |
| 18:21 | Research | Horse Collar |
| 18:33 | Queue | Militia |
| 18:40 | Build | House |
| 18:50 | Queue | Militia |
| 19:08 | Build | Barracks |
| 19:11 | Queue | Militia |
| 19:17 | Research | Scale Mail Armor |
| 19:22 | Build | Farm |
| 19:27 | Research | Man-at-Arms (upgrade) |
| 19:54 | Queue | Militia |
| 20:18 | Queue | Militia |
| 20:42 | Age | Castle Age |
| 20:42 | Research | Long Swordsman (upgrade) |
| 20:44 | Research | Squires |
| 21:12 | Queue | Villager (Male) |
| 21:14 | Queue | Militia |
| 21:14 | Queue | Militia |
| 21:17 | Research | Chain Mail Armor |
| 21:18 | Queue | Villager (Male) |
| 21:23 | Build | Town Center |
| 21:46 | Build | Siege Workshop |
| 21:50 | Queue | Villager (Male) |
| 22:06 | Research | Arson |
| 22:08 | Queue | Militia |
| 22:16 | Queue | Villager (Male) |
| 22:26 | Queue | Armored Elephant |
| 22:33 | Build | Monastery |
| 22:44 | Queue | Villager (Male) |
| 22:50 | Queue | Villager (Male) |
| 22:55 | Research | Bow Saw |
| 23:06 | Queue | Villager (Male) |
| 23:21 | Queue | Villager (Male) |
| 23:26 | Research | Wheelbarrow |
| 23:30 | Queue | Monk |
| 23:33 | Queue | Villager (Male) |
| 23:43 | Queue | Villager (Male) |
| 23:46 | Queue | Villager (Male) |
| 24:14 | Queue | Villager (Male) |
| 24:21 | Queue | Villager (Male) |
| 24:21 | Queue | Mangonel |
| 24:24 | Queue | Villager (Male) |
| 24:39 | Queue | Villager (Male) |
| 24:45 | Queue | Villager (Male) |
| 24:46 | Queue | Villager (Male) |
| 25:10 | Queue | Villager (Male) |
| 25:58 | Queue | Monk |
| 26:05 | Queue | Villager (Male) |
| 26:31 | Queue | Villager (Male) |
| 26:31 | Queue | Villager (Male) |
| 26:38 | Queue | Mangonel |
| 26:49 | Queue | Villager (Male) |
| 26:52 | Build | Farm |
| 26:52 | Build | Farm |
Match timeline
| 2:55 | cornonjakobe · first_building Barracks |
| 5:00 | Arlechinno · first_building Barracks |
| 8:01 | Arlechinno · wall_segment Palisade Wall x3 |
| 8:03 | Arlechinno · wall_segment Palisade Wall x7 |
| 10:20 | cornonjakobe · age_up feudal |
| 10:31 | cornonjakobe · first_building Archery Range |
| 11:38 | Arlechinno · wall_segment Palisade Wall x5 |
| 11:54 | Arlechinno · wall_segment Palisade Wall x8 |
| 11:57 | Arlechinno · wall_segment Palisade Wall x3 |
| 12:28 | Arlechinno · age_up feudal |
| 12:31 | Arlechinno · first_building Archery Range |
| 12:48 | Arlechinno · wall_segment Palisade Wall x4 |
| 13:21 | Arlechinno · wall_segment Palisade Wall x4 |
| 13:33 | Arlechinno · wall_segment Palisade Wall x5 |
| 13:37 | cornonjakobe · wall_segment Palisade Wall x1 |
| 13:43 | Arlechinno · wall_segment Palisade Wall x1 |
| 14:30 | cornonjakobe · wall_segment Palisade Wall x9 |
| 14:50 | cornonjakobe · wall_segment Palisade Wall x2 |
| 15:28 | cornonjakobe · wall_segment Palisade Wall x4 |
| 15:36 | cornonjakobe · wall_segment Palisade Wall x5 |
| 15:51 | cornonjakobe · wall_segment Palisade Wall x5 |
| 18:43 | cornonjakobe · first_market_sell 100 stone |
| 18:44 | cornonjakobe · first_market_buy 100 food |
| 20:41 | Arlechinno · age_up castle |
| 20:42 | cornonjakobe · age_up castle |
| 21:46 | cornonjakobe · first_building Siege Workshop |
| 22:33 | cornonjakobe · first_building Monastery |
| 22:40 | Arlechinno · first_building Siege Workshop |
| 26:06 | Arlechinno · first_building Monastery |
| 37:37 | cornonjakobe · wall_segment Palisade Wall x5 |
| 39:50 | cornonjakobe · age_up imperial |
| 40:42 | Arlechinno · first_market_buy 100 food |
| 41:27 | cornonjakobe · first_building Castle |
| 41:35 | Arlechinno · resign |
[ AI ANALYSIS · 1 CREDIT ]
What really happened in this match?
Wolo.gg analyzes every decision: build order, eco, micro, common mistakes by bracket. Personalized analysis on WhatsApp or Discord in 30 seconds.
Civ guide
Maya
Perfil
Jugador #2878663